AoeStats
← chewie1706

African Clearing

505235254Analyzed
4v4 RM · 25d ago on Sep 8, 2026· 45m 49s· 8 players
Game mode
Random Map
Map size
Large (8 player)
Population
200
Speed
Normal
Resources
Standard
Victory
Conquest
Starting age
Dark Age
Ending age
Imperial Age
RankedLock teamsTeams togetherTeam positionsShared explorationLock speedFull tech treeHidden civsTurbo modeCheats
Victory
Defeat
🇫🇷 Spanish · France
1470
+14
🇫🇷 Romans · France
1409
+16
🇫🇷 Slavs · France
1329
+20
🇨🇭 Romans · Switzerland
1264
+23
🇮🇳 Khmer · India
1439
-19
🇩🇪 Wei · Germany
1425
-19
🇻🇳 Sicilians · Vietnam
1404
-18
🇵🇱 Portuguese · Poland
1380
-17
Vàng Ai Nấy Đào
3:31 Loom
12:31 Feudal Age
13:21 Town Watch
31:12 Castle Age
29:30 Horse Collar
30:17 Double-Bit Axe
32:05 Wheelbarrow
37:13 Bow Saw
38:17 Scale Mail Armor
38:25 Heavy Plow
39:54 Gold Mining
40:37 Scale Barding Armor
41:31 Bloodlines
41:30 Stone Mining
42:00 Husbandry
42:10 Pikeman
43:53 Chain Mail Armor
44:04 Hand Cart
44:17 Pikeman
45:22 Squires
antikiller247
6:21 Loom
14:53 Feudal Age
15:23 Double-Bit Axe
18:47 Wheelbarrow
21:48 Castle Age
21:54 Horse Collar
22:03 Pikeman
25:05 Crossbowman
25:37 Fletching
31:15 Thumb Ring
35:56 Bodkin Arrow
38:44 Bow Saw
40:01 Elite Skirmisher
saksham
9:34 Loom
14:16 Feudal Age
17:16 Castle Age
15:12 Double-Bit Axe
15:10 Horse Collar
16:35 Bloodlines
17:01 Scale Barding Armor
17:07 Forging
17:28 Forging
18:29 Town Watch
21:17 Husbandry
26:45 Wheelbarrow
26:13 Fletching
33:33 Imperial Age
31:04 Gold Mining
31:12 Bodkin Arrow
31:40 Chain Barding Armor
33:50 Ballistics
35:15 Double Crossbow
37:15 Chemistry
37:05 Plate Barding Armor
36:21 Pikeman
40:10 Siege Engineers
40:39 Heavy Scorpion
42:38 Masonry
MyNameIsLassen
13:33 Feudal Age
17:20 Castle Age
15:51 Double-Bit Axe
15:48 Horse Collar
18:26 Bow Saw
18:18 Heavy Plow
19:16 Wheelbarrow
18:51 Gold Mining
22:18 Loom
22:49 Hand Cart
23:57 Gold Shaft Mining
25:59 Town Watch
28:33 Scale Barding Armor
29:36 Chain Barding Armor
29:34 Bloodlines
29:24 Husbandry
30:00 Forging
29:52 Husbandry
30:48 Stone Mining
33:46 Imperial Age
32:10 Sanctity
32:48 Stone Shaft Mining
34:19 Iron Casting
35:33 Conscription
36:17 Blast Furnace
35:46 Ming Guang Armor
35:25 Elite Tiger Cavalry
36:37 Illumination
36:27 Block Printing
38:06 Light Cavalry
40:32 Hussar
42:31 Fletching
45:26 Bodkin Arrow
AGS.Grimnel
3:45 Loom
13:22 Feudal Age
18:56 Castle Age
17:05 Double-Bit Axe
20:20 Bow Saw
21:20 Wheelbarrow
20:32 Town Watch
23:55 Fletching
25:26 Bloodlines
25:26 Horse Collar
26:22 Scale Barding Armor
31:51 Heavy Plow
35:02 Hand Cart
42:08 Imperial Age
39:07 Light Cavalry
39:59 Forging
40:21 Masonry
40:33 Ballistics
40:20 Husbandry
41:03 Scale Mail Armor
41:13 Man-at-Arms
41:54 Squires
42:32 Chain Barding Armor
42:47 Iron Casting
42:23 Cavalier
43:52 Long Swordsman
45:34 Blast Furnace
44:52 Chain Mail Armor
45:57 Crop Rotation
46:56 Plate Barding Armor
AGS.Sylvatica
6:54 Loom
12:43 Feudal Age
12:50 Feudal Age
16:56 Castle Age
17:09 Scale Barding Armor
17:26 Double-Bit Axe
19:20 Bloodlines
20:27 Horse Collar
20:44 Town Watch
28:29 Chain Barding Armor
29:24 Wheelbarrow
29:30 Forging
30:42 Husbandry
31:47 Iron Casting
33:36 Hand Cart
36:17 Imperial Age
36:42 Cavalier
37:59 Plate Barding Armor
39:35 Blast Furnace
39:21 Devotion
40:42 Light Cavalry
41:48 Faith
43:33 Fletching
45:43 Comitatenses
46:24 Conscription
chewie1706
3:46 Loom
14:39 Feudal Age
15:39 Town Watch
20:02 Castle Age
19:21 Double-Bit Axe
21:31 Bow Saw
22:55 Fishing Lines
23:41 Fletching
30:46 Padded Archer Armor
32:12 Leather Archer Armor
32:16 Husbandry
38:29 Imperial Age
36:27 Stone Mining
39:42 Ring Archer Armor
40:11 Bodkin Arrow
43:38 Bracer
45:12 Conscription
46:39 Supremacy
Babifort
6:26 Loom
13:49 Feudal Age
15:24 Double-Bit Axe
18:03 Castle Age
19:34 Bow Saw
19:27 Horse Collar
21:12 Scale Mail Armor
23:28 Chain Mail Armor
23:29 Pikeman
24:58 Forging
25:51 Wheelbarrow
31:59 Imperial Age
29:49 Man-at-Arms
30:29 Squires
30:37 Long Swordsman
32:58 Iron Casting
32:05 Capped Ram
32:08 Two-Handed Swordsman
33:07 Onager
34:25 Heavy Plow
36:05 Hand Cart
37:33 Two-Man Saw
37:35 Plate Mail Armor
36:59 Halberdier
40:05 Stone Mining
40:08 Gold Mining
39:47 Siege Onager
40:32 Fletching
41:10 Conscription
41:26 Druzhina
42:00 Champion
45:54 Blast Furnace
44:50 Bodkin Arrow
Connection lost

Rejoining the realm…

Still unreachable

The connection could not be restored.

Session expired

The server has moved on; the page needs a fresh start.